PA
PHOENIX HOTSPUR U-21 @ HAMMOND HERONS
07/13/2022
 
TOP OF THE 1ST
Phoenix Hotspur U-21 batting - Pitching for Hammond Herons : RHP Jorge Vázquez
Pitching: RHP Jorge Vázquez
Batting: LHB Ricardo Peña 0-0: Called Strike
0-1: Swinging Strike
0-2: Ball
1-2: Ball
2-2: Strikes out looking
Batting: RHB Shohei Kiyomizu 0-0: Ball
1-0: Swinging Strike
1-1: Foul Ball, location: 2F
1-2: Strikes out looking
Batting: LHB Shojiro Ueda 0-0: Foul Ball, location: 2F
0-1: Ball
1-1: Ball
2-1: Ball
3-1: SOLO HOME RUN (Line Drive, 9D), Distance : 339 ft
Batting: RHB Alex Niemann 0-0: Ball
1-0: Ball
2-0: Ball
3-0: Base on Balls
Batting: LHB Rafael Sánchez 0-0: Ball
1-0: Called Strike
1-1: Ball
2-1: Fly out, F5 (Popup, 5DF)
Top of the 1st over - 1 run(s), 1 hit(s), 0 error(s), 1 left on base; Phoenix 1 - Hammond 0
BOTTOM OF THE 1ST
Hammond Herons batting - Pitching for Phoenix Hotspur U-21 : RHP Titus Parson
Pitching: RHP Titus Parson
Batting: LHB Juan Villanueva 0-0: Called Strike
0-1: Swinging Strike
0-2: Foul Ball, location: 2F
0-2: Strikes out swinging
Batting: RHB Sancho Romero 0-0: Called Strike
0-1: Foul Ball, location: 2F
0-2: Ground out 4-3 (Groundball, 13)
Batting: RHB Edward Payne 0-0: Ball
1-0: Called Strike
1-1: Called Strike
1-2: Ground out 5-3 (Groundball, 5S)
Bottom of the 1st over - 0 run(s), 0 hit(s), 0 error(s), 0 left on base; Phoenix 1 - Hammond 0
TOP OF THE 2ND
Phoenix Hotspur U-21 batting - Pitching for Hammond Herons : RHP Jorge Vázquez
Batting: LHB Luis Díaz 0-0: Foul Ball, location: 2F
0-1: Fly out, F8 (Line Drive, 8RM)
Batting: RHB Pepe Reyes 0-0: Called Strike
0-1: Ball
1-1: Ground out 5-3 (Groundball, 56)
Batting: RHB Edolf Middehof 0-0: Ball
1-0: Fly out, F4 (Popup, 3DF)
Top of the 2nd over - 0 run(s), 0 hit(s), 0 error(s), 0 left on base; Phoenix 1 - Hammond 0
BOTTOM OF THE 2ND
Hammond Herons batting - Pitching for Phoenix Hotspur U-21 : RHP Titus Parson
Batting: RHB Scott Zijm 0-0: Ball
1-0: Fly out, F8 (Flyball, 8LM)
Batting: RHB Jorge Baker 0-0: Ball
1-0: Ball
2-0: Swinging Strike
2-1: Foul Ball, location: 2F
2-2: Strikes out looking
Batting: RHB Jimmy Dawson 0-0: Called Strike
0-1: Ball
1-1: Ball
2-1: Foul Ball, location: 2F
2-2: Foul Ball, location: 2F
2-2: Fly out, F4 (Popup, 34D)
Bottom of the 2nd over - 0 run(s), 0 hit(s), 0 error(s), 0 left on base; Phoenix 1 - Hammond 0
TOP OF THE 3RD
Phoenix Hotspur U-21 batting - Pitching for Hammond Herons : RHP Jorge Vázquez
Batting: RHB Carl Tucker 0-0: Foul Ball, location: 2F
0-1: Swinging Strike
0-2: Hit by Pitch
Batting: LHB Ricardo Peña 0-0: Ball
1-0: Swinging Strike
1-1: Called Strike
1-2: Foul Ball, location: 2F
1-2: Ball
2-2: SINGLE (Groundball, 5L)
Carl Tucker to second
Batting: RHB Shohei Kiyomizu 0-0: Ground out 5-3 (Groundball, 56S)
Carl Tucker to third
Ricardo Peña to second
Batting: LHB Shojiro Ueda 0-0: Ground out 6-3 (Groundball, 6)
Carl Tucker scores
Batting: RHB Alex Niemann 0-0: Fly out, F9 (Flyball, 89M)
Top of the 3rd over - 1 run(s), 1 hit(s), 0 error(s), 1 left on base; Phoenix 2 - Hammond 0
BOTTOM OF THE 3RD
Hammond Herons batting - Pitching for Phoenix Hotspur U-21 : RHP Titus Parson
Batting: RHB José Trombelli 0-0: Ball
1-0: Called Strike
1-1: Swinging Strike
1-2: Foul Ball, location: 2F
1-2: Strikes out looking
Batting: RHB Brian Soto 0-0: Foul Ball, location: 2F
0-1: Foul Ball, location: 2F
0-2: Ball
1-2: Fly out, F7 (Popup, 6D)
Batting: RHB Pancho Núñez 0-0: Foul Ball, location: 2F
0-1: Ball
1-1: Swinging Strike
1-2: Ball
2-2: Fly out, F3 (Line Drive, 34)
Bottom of the 3rd over - 0 run(s), 0 hit(s), 0 error(s), 0 left on base; Phoenix 2 - Hammond 0
TOP OF THE 4TH
Phoenix Hotspur U-21 batting - Pitching for Hammond Herons : RHP Jorge Vázquez
Batting: LHB Rafael Sánchez 0-0: SOLO HOME RUN (Flyball, 9D), Distance : 352 ft
Batting: LHB Luis Díaz 0-0: Ball
1-0: Ball
2-0: SINGLE (Groundball, 34D)
Batting: RHB Pepe Reyes 0-0: Ball
1-0: SINGLE (Line Drive, 9LM)
Luis Díaz to second
Throwing error, E9
Luis Díaz scores
Pepe Reyes to second
Batting: RHB Edolf Middehof 0-0: Ball
1-0: Foul Ball, location: 2F
1-1: Foul Ball, location: 2F
1-2: Foul Ball, location: 2F
1-2: Ball
2-2: Strikes out swinging
Batting: RHB Carl Tucker 0-0: Foul Ball, location: 2F
0-1: Foul Ball, location: 2F
0-2: Strikes out looking
Batting: LHB Ricardo Peña 0-0: Ball
1-0: Ground out 4-3 (Groundball, 4M)
Top of the 4th over - 2 run(s), 3 hit(s), 1 error(s), 1 left on base; Phoenix 4 - Hammond 0
BOTTOM OF THE 4TH
Hammond Herons batting - Pitching for Phoenix Hotspur U-21 : RHP Titus Parson
Batting: LHB Juan Villanueva 0-0: Swinging Strike
0-1: Swinging Strike
0-2: Fly out, F7 (Flyball, 7M)
Batting: RHB Sancho Romero 0-0: Ball
1-0: SINGLE (Groundball, 6MD)
Batting: RHB Edward Payne 0-0: Called Strike
0-1: Ball
Passed Ball!
Sancho Romero to second
1-1: Foul Ball, location: 2F
1-2: 2-RUN HOME RUN (Flyball, 78XD), Distance : 378 ft
Batting: RHB Scott Zijm 0-0: Foul Ball, location: 2F
0-1: Foul Ball, location: 2F
0-2: Ball
1-2: Strikes out looking
Batting: RHB Jorge Baker 0-0: Ball
1-0: Ball
2-0: Foul Ball, location: 2F
2-1: Fly out, F9 (Flyball, 89M)
Bottom of the 4th over - 2 run(s), 2 hit(s), 0 error(s), 0 left on base; Phoenix 4 - Hammond 2
TOP OF THE 5TH
Phoenix Hotspur U-21 batting - Pitching for Hammond Herons : RHP Jorge Vázquez
Batting: RHB Shohei Kiyomizu 0-0: Foul Ball, location: 2F
0-1: Swinging Strike
0-2: Strikes out looking
Batting: LHB Shojiro Ueda 0-0: Called Strike
0-1: Called Strike
0-2: Foul Ball, location: 2F
0-2: Ground out 5-3 (Groundball, 56S)
Batting: RHB Alex Niemann 0-0: Fly out, F7 (Line Drive, 7S)
Top of the 5th over - 0 run(s), 0 hit(s), 0 error(s), 0 left on base; Phoenix 4 - Hammond 2
BOTTOM OF THE 5TH
Hammond Herons batting - Pitching for Phoenix Hotspur U-21 : RHP Titus Parson
Batting: RHB Jimmy Dawson 0-0: Fly out, F6 (Popup, 56)
Batting: RHB José Trombelli 0-0: Ground out 4-3 (Groundball, 4M)
Batting: RHB Brian Soto 0-0: Ball
1-0: Called Strike
1-1: Called Strike
1-2: Ground out 6-3 (Groundball, 6MS)
Bottom of the 5th over - 0 run(s), 0 hit(s), 0 error(s), 0 left on base; Phoenix 4 - Hammond 2
TOP OF THE 6TH
Phoenix Hotspur U-21 batting - Pitching for Hammond Herons : RHP Jorge Vázquez
Batting: LHB Rafael Sánchez 0-0: Called Strike
0-1: Ground out 4-3 (Groundball, 4)
Batting: LHB Luis Díaz 0-0: Ball
1-0: Fly out, F8 (Flyball, 8LM)
Batting: RHB Pepe Reyes 0-0: Reached on Error, E4 (Popup, 4M)
Batting: RHB Edolf Middehof 0-0: Foul Ball, location: 2F
0-1: Foul Ball, location: 2F
0-2: Ball
1-2: Foul Ball, location: 2F
1-2: Ball
2-2: Fly out, F8 (Flyball, 8LXD)
Top of the 6th over - 0 run(s), 0 hit(s), 1 error(s), 1 left on base; Phoenix 4 - Hammond 2
BOTTOM OF THE 6TH
Hammond Herons batting - Pitching for Phoenix Hotspur U-21 : RHP Titus Parson
Batting: RHB Pancho Núñez 0-0: Called Strike
0-1: Ball
1-1: Ball
2-1: Fly out, F7 (Flyball, 7M)
Batting: LHB Juan Villanueva 0-0: SOLO HOME RUN (Line Drive, 89XD), Distance : 361 ft
Batting: RHB Sancho Romero 0-0: Called Strike
0-1: Ball
1-1: Ground out 6-3 (Groundball, 6)
Batting: RHB Edward Payne 0-0: Foul Ball, location: 2F
0-1: Ball
1-1: Ball
2-1: Ball
3-1: Ground out 6-3 (Groundball, 6)
Bottom of the 6th over - 1 run(s), 1 hit(s), 0 error(s), 0 left on base; Phoenix 4 - Hammond 3
TOP OF THE 7TH
Phoenix Hotspur U-21 batting - Pitching for Hammond Herons : RHP Jorge Vázquez
Batting: RHB Carl Tucker 0-0: Foul Ball, location: 2F
0-1: Fly out, F9 (Flyball, 9LSF)
Batting: LHB Ricardo Peña 0-0: Called Strike
0-1: Fly out, F9 (Flyball, 9M)
Batting: RHB Shohei Kiyomizu 0-0: Called Strike
0-1: SINGLE (Groundball, 3D)
Batting: LHB Shojiro Ueda 0-0: Ball
1-0: Ball
2-0: Ball
3-0: Called Strike
3-1: Foul Ball, location: 2F
3-2: Base on Balls
Shohei Kiyomizu to second
Batting: RHB Alex Niemann 0-0: Swinging Strike
0-1: Ball
1-1: Ball
2-1: Swinging Strike
2-2: Strikes out swinging
Top of the 7th over - 0 run(s), 1 hit(s), 0 error(s), 2 left on base; Phoenix 4 - Hammond 3
BOTTOM OF THE 7TH
Hammond Herons batting - Pitching for Phoenix Hotspur U-21 : RHP Titus Parson
Batting: RHB Scott Zijm 0-0: Foul Ball, location: 2F
0-1: Swinging Strike
0-2: Strikes out looking
Batting: RHB Jorge Baker 0-0: Foul Ball, location: 2F
0-1: Swinging Strike
0-2: Ball
1-2: Foul Ball, location: 2F
1-2: Ball
2-2: SINGLE (Groundball, 56)
Pinch Hitting: LHB Jim Unknown 0-0: Called Strike
0-1: Foul Ball, location: 2F
0-2: Strikes out looking
Batting: RHB José Trombelli 0-0: Called Strike
0-1: Swinging Strike
0-2: Ball
1-2: Fly out, F2 (Popup, 2LF)
Bottom of the 7th over - 0 run(s), 1 hit(s), 0 error(s), 1 left on base; Phoenix 4 - Hammond 3
TOP OF THE 8TH
Phoenix Hotspur U-21 batting - Pitching for Hammond Herons : RHP Jorge Vázquez
Now in CF: Jim Unknown
Batting: LHB Rafael Sánchez 0-0: Ball
1-0: Called Strike
1-1: Foul Ball, location: 2F
1-2: Ball
2-2: SINGLE (Groundball, 13) (infield hit)
Batting: LHB Luis Díaz 0-0: Sac Bunt - play at first, batter safe!
Rafael Sánchez to second
Batting: RHB Pepe Reyes 0-0: Bunted foul
0-1: Bunted foul
0-2: Ball
1-2: Ball
2-2: Fly out, F8 (Flyball, 8LM)
Batting: RHB Edolf Middehof 0-0: Ball
1-0: Called Strike
1-1: Swinging Strike
1-2: Ball
2-2: Grounds into double play, U4-3 (Groundball, 4M)
Top of the 8th over - 0 run(s), 2 hit(s), 0 error(s), 1 left on base; Phoenix 4 - Hammond 3
BOTTOM OF THE 8TH
Hammond Herons batting - Pitching for Phoenix Hotspur U-21 : RHP Titus Parson
Now at C: José Reyes
Batting: RHB Brian Soto 0-0: Called Strike
0-1: Swinging Strike
0-2: Strikes out swinging
Batting: RHB Pancho Núñez 0-0: Called Strike
0-1: Foul Ball, location: 2F
0-2: Ball
1-2: Foul Ball, location: 2F
1-2: DOUBLE (Line Drive, 89M)
Pitching: RHP Oliver Huerta
Batting: LHB Juan Villanueva 0-0: Ball
1-0: Swinging Strike
1-1: Ball
2-1: Ground out 2-3 (Groundball, 2R)
Pancho Núñez to third
Pitching: RHP Loeck Visser
Batting: RHB Sancho Romero 0-0: Called Strike
0-1: Swinging Strike
0-2: Ball
1-2: Fly out, F9 (Flyball, 89M)
Bottom of the 8th over - 0 run(s), 1 hit(s), 0 error(s), 1 left on base; Phoenix 4 - Hammond 3
TOP OF THE 9TH
Phoenix Hotspur U-21 batting - Pitching for Hammond Herons : RHP Jorge Vázquez
Pitching: LHP Luis Vega
Batting: RHB Carl Tucker 0-0: Foul Ball, location: 2F
0-1: Called Strike
0-2: Strikes out looking
Batting: LHB Ricardo Peña 0-0: Swinging Strike
0-1: Ball
1-1: TRIPLE (Line Drive, 89XD)
Pinch Hitting: RHB Marc Meertens 0-0: Swinging Strike
0-1: Swinging Strike
0-2: Ball
1-2: Ball
2-2: Foul Ball, location: 2F
2-2: Strikes out looking
Batting: LHB Shojiro Ueda 0-0: Called Strike
0-1: Swinging Strike
0-2: Ball
1-2: Ground out 6-3 (Groundball, 6)
Top of the 9th over - 0 run(s), 1 hit(s), 0 error(s), 1 left on base; Phoenix 4 - Hammond 3
BOTTOM OF THE 9TH
Hammond Herons batting - Pitching for Phoenix Hotspur U-21 : RHP Loeck Visser
Pitching: RHP Santiago Alonza
Now at SS: José González
Now in CF: Ángel Guardado
Batting: RHB Edward Payne 0-0: Called Strike
0-1: Swinging Strike
0-2: Strikes out swinging
Batting: RHB Scott Zijm 0-0: Called Strike
0-1: Ground out 5-3 (Groundball, 5S)
Batting: RHB Jorge Baker 0-0: Called Strike
0-1: Ball
1-1: Swinging Strike
1-2: Foul Ball, location: 2F
1-2: Ball
2-2: Ground out 5-3 (Groundball, 5S)
Bottom of the 9th over - 0 run(s), 0 hit(s), 0 error(s), 0 left on base; Phoenix 4 - Hammond 3
This league is powered by Out of the Park Baseball, the baseball management simulation game for PC, Mac and Linux
Friday, April 15th, 2016 - OOTP Baseball 16.9 Build 39